PCL
TEXARKANA BEARS @ REDWOOD CITY REDWOODS
07/10/2026
 
TOP OF THE 1ST
Lansing Lugnuts batting - Pitching for Redwood City Redwoods : RHP Tom Goff
Pitching: RHP Tom Goff
Batting: RHB David Murray 0-0: Swinging Strike
0-1: Ball
1-1: Called Strike
1-2: Strikes out swinging
Batting: RHB Wilson Gómez 0-0: Ball
1-0: Called Strike
1-1: Ground out 4-3 (Groundball, 4)
Batting: LHB Tom Mullins 0-0: Ground out U3 (Groundball, 3)
Top of the 1st over - 0 run(s), 0 hit(s), 0 error(s), 0 left on base; Lansing 0 - Redwood City 0
BOTTOM OF THE 1ST
Redwood City Redwoods batting - Pitching for Lansing Lugnuts : RHP Ralph Willaims
Pitching: RHP Ralph Willaims
Batting: LHB Diego González 0-0: Ball
1-0: Called Strike
1-1: Ball
2-1: Ball
3-1: Foul Ball, location: 2F
3-2: SINGLE (Line Drive, 7LS)
Batting: SHB Luis González 0-0: Called Strike
0-1: Ball
1-1: Called Strike
1-2: Fly out, F7 (Line Drive, 7S)
Batting: LHB Iván Salas 0-0: Ball
Wild Pitch!
Diego González to second
1-0: Fly out, F8 (Flyball, 89D)
Runner from 2nd tags up, SAFE at 3rd, no throw
Batting: LHB Germán Charfauros 0-0: Ball
1-0: 2-RUN HOME RUN (Flyball, 89XD), Distance : 416 ft
Batting: RHB Rafael Rincón 0-0: Ball
1-0: Swinging Strike
1-1: Called Strike
1-2: Ball
2-2: Foul Ball, location: 2F
2-2: Ball
3-2: Strikes out swinging
Bottom of the 1st over - 2 run(s), 2 hit(s), 0 error(s), 0 left on base; Lansing 0 - Redwood City 2
TOP OF THE 2ND
Lansing Lugnuts batting - Pitching for Redwood City Redwoods : RHP Tom Goff
Batting: RHB Billy Campbell 0-0: Ball
1-0: SINGLE (Groundball, 6D)
Batting: LHB Sam Barnes 0-0: Called Strike
0-1: Called Strike
0-2: Foul Ball, location: 2F
0-2: SINGLE (Line Drive, 9S)
Billy Campbell to second
Batting: RHB Juan Rico 0-0: Ball
1-0: Called Strike
1-1: Ball
2-1: Fielders Choice at 2nd, 1-6 (Groundball, 23)
Billy Campbell to third
Batting: RHB Sadao Kimura 0-0: Fly out, F7 (Flyball, 78M)
Runner from 3rd tags up, SCORES, throw made
Batting: RHB Steve Garneys 0-0: Called Strike
Juan Rico steals 2nd base
0-1: Foul Ball, location: 2F
0-2: Ball
1-2: Ball
2-2: Foul Ball, location: 2F
2-2: Strikes out swinging
Top of the 2nd over - 1 run(s), 2 hit(s), 0 error(s), 1 left on base; Lansing 1 - Redwood City 2
BOTTOM OF THE 2ND
Redwood City Redwoods batting - Pitching for Lansing Lugnuts : RHP Ralph Willaims
Batting: LHB Nicholas Alston 0-0: Called Strike
0-1: Swinging Strike
0-2: Ball
1-2: Foul Ball, location: 2F
1-2: Foul Ball, location: 2F
1-2: Strikes out swinging
Batting: LHB Ryan Hensley 0-0: Fly out, F8 (Flyball, 8LXD)
Batting: RHB William Parker 0-0: Called Strike
0-1: Ball
1-1: Ground out 5-3 (Groundball, 5)
Bottom of the 2nd over - 0 run(s), 0 hit(s), 0 error(s), 0 left on base; Lansing 1 - Redwood City 2
TOP OF THE 3RD
Lansing Lugnuts batting - Pitching for Redwood City Redwoods : RHP Tom Goff
Batting: LHB Alberto Medine 0-0: Fly out, F4 (Line Drive, 34)
Batting: RHB David Murray 0-0: Called Strike
0-1: Foul Ball, location: 2F
0-2: Ball
1-2: Strikes out looking
Batting: RHB Wilson Gómez 0-0: Ball
1-0: Ball
2-0: Ball
3-0: Called Strike
3-1: Base on Balls
Batting: LHB Tom Mullins 0-0: Ball
1-0: Called Strike
1-1: Ball
2-1: Called Strike
2-2: Ball
3-2: Foul Ball, location: 2F
3-2: Base on Balls
Wilson Gómez to second
Batting: RHB Billy Campbell 0-0: Ball
1-0: Ball
2-0: Ball
3-0: Called Strike
3-1: SINGLE (Groundball, 4MD)
Wilson Gómez to third
Tom Mullins to second
Runner from 3rd tries for Home, SAFE, no throw or cutoff
Batting: LHB Sam Barnes 0-0: Foul Ball, location: 2F
0-1: Swinging Strike
0-2: Ball
1-2: Ball
2-2: Ball
3-2: Foul Ball, location: 2F
3-2: Strikes out swinging
Top of the 3rd over - 1 run(s), 1 hit(s), 0 error(s), 2 left on base; Lansing 2 - Redwood City 2
BOTTOM OF THE 3RD
Redwood City Redwoods batting - Pitching for Lansing Lugnuts : RHP Ralph Willaims
Batting: RHB Anastasio García 0-0: Ball
1-0: Ground out 5-3 (Groundball, 5)
Batting: LHB Diego González 0-0: Foul Ball, location: 2F
0-1: Foul Ball, location: 2F
0-2: Ball
1-2: Foul Ball, location: 2F
1-2: Strikes out looking
Batting: SHB Luis González 0-0: Ball
1-0: Foul Ball, location: 2F
1-1: Ball
2-1: Ball
3-1: Base on Balls
Batting: LHB Iván Salas 0-0: Ball
1-0: Ball
2-0: Ball
3-0: Base on Balls
Luis González to second
Batting: LHB Germán Charfauros 0-0: Called Strike
0-1: Called Strike
0-2: Strikes out swinging
Bottom of the 3rd over - 0 run(s), 0 hit(s), 0 error(s), 2 left on base; Lansing 2 - Redwood City 2
TOP OF THE 4TH
Lansing Lugnuts batting - Pitching for Redwood City Redwoods : RHP Tom Goff
Batting: RHB Juan Rico 0-0: Ball
1-0: Foul Ball, location: 2F
1-1: Ball
2-1: Called Strike
Single, Error in OF, E8, batter to second base
Batting: RHB Sadao Kimura 0-0: Ball
1-0: Foul Ball, location: 2F
1-1: Swinging Strike
1-2: Ground out 6-3 (Groundball, 6)
Batting: RHB Steve Garneys 0-0: Foul Ball, location: 2F
0-1: Called Strike
0-2: Foul Ball, location: 2F
0-2: Ground out 5-3 (Groundball, 6S)
Juan Rico to third
Batting: LHB Alberto Medine 0-0: Ball
1-0: Ball
2-0: TRIPLE (Popup, 9LS)
Juan Rico scores
Batting: RHB David Murray 0-0: Foul Ball, location: 2F
0-1: Foul Ball, location: 2F
0-2: Ball
1-2: Ball
2-2: Foul Ball, location: 2F
2-2: Foul Ball, location: 2F
2-2: Fly out, F8 (Flyball, 8LM)
Top of the 4th over - 1 run(s), 2 hit(s), 1 error(s), 1 left on base; Lansing 3 - Redwood City 2
BOTTOM OF THE 4TH
Redwood City Redwoods batting - Pitching for Lansing Lugnuts : RHP Ralph Willaims
Batting: RHB Rafael Rincón 0-0: Ball
1-0: Called Strike
1-1: Ball
2-1: Ball
3-1: SINGLE (Line Drive, 4D)
Batting: LHB Nicholas Alston 0-0: SINGLE (Groundball, 34D)
Rafael Rincón to second
Runner from 2nd tries for 3rd, SAFE, throw made to third
Batting: LHB Ryan Hensley 0-0: Called Strike
0-1: Ball
1-1: Ball
2-1: Called Strike
2-2: Fly out, F8 (Flyball, 8RS)
Batting: RHB William Parker 0-0: Fly out, F9 (Popup, 3D)
Batting: RHB Anastasio García 0-0: Ball
1-0: Ground out 5-3 (Groundball, 5S)
Bottom of the 4th over - 0 run(s), 2 hit(s), 0 error(s), 2 left on base; Lansing 3 - Redwood City 2
TOP OF THE 5TH
Lansing Lugnuts batting - Pitching for Redwood City Redwoods : RHP Tom Goff
Batting: RHB Wilson Gómez 0-0: Ground out 5-3 (Groundball, 56S)
Batting: LHB Tom Mullins 0-0: Foul Ball, location: 2F
0-1: Ball
1-1: Foul Ball, location: 2F
1-2: Foul Ball, location: 2F
1-2: Strikes out looking
Batting: RHB Billy Campbell 0-0: Called Strike
0-1: Ball
1-1: Ball
2-1: Called Strike
2-2: Foul Ball, location: 2F
2-2: Ball
3-2: Base on Balls
Batting: LHB Sam Barnes 0-0: Swinging Strike
0-1: Ball
1-1: Ball
2-1: Called Strike
2-2: Foul Ball, location: 2F
2-2: Strikes out swinging
Top of the 5th over - 0 run(s), 0 hit(s), 0 error(s), 1 left on base; Lansing 3 - Redwood City 2
BOTTOM OF THE 5TH
Redwood City Redwoods batting - Pitching for Lansing Lugnuts : RHP Ralph Willaims
Batting: LHB Diego González 0-0: Ball
1-0: Ball
2-0: Foul Ball, location: 2F
2-1: Foul Ball, location: 2F
2-2: Ball
3-2: Foul Ball, location: 2F
3-2: Fly out, F6 (Popup, 6MD)
Batting: SHB Luis González 0-0: Ball
1-0: Foul Ball, location: 2F
1-1: Ball
2-1: Ball
3-1: Called Strike
3-2: Fly out, F8 (Flyball, 8RXD)
Batting: LHB Iván Salas 0-0: Called Strike
0-1: Foul Ball, location: 2F
0-2: TRIPLE (Line Drive, 9LD)
Batting: LHB Germán Charfauros 0-0: Fly out, F7 (Flyball, 7D)
Bottom of the 5th over - 0 run(s), 1 hit(s), 0 error(s), 1 left on base; Lansing 3 - Redwood City 2
TOP OF THE 6TH
Lansing Lugnuts batting - Pitching for Redwood City Redwoods : RHP Tom Goff
Batting: RHB Juan Rico 0-0: Ball
1-0: Ground out 4-3 (Groundball, 4)
Batting: RHB Sadao Kimura 0-0: Ball
1-0: Ball
2-0: DOUBLE (Flyball, 7LM)
Pitching: RHP Jim Williams
Batting: RHB Steve Garneys 0-0: Ball
1-0: Ball
2-0: Called Strike
2-1: Foul Ball, location: 2F
2-2: Foul Ball, location: 2F
2-2: Foul Ball, location: 2F
2-2: Strikes out swinging
Batting: LHB Alberto Medine 0-0: Ball
1-0: Swinging Strike
1-1: Called Strike
1-2: Ball
2-2: Strikes out swinging
Top of the 6th over - 0 run(s), 1 hit(s), 0 error(s), 1 left on base; Lansing 3 - Redwood City 2
BOTTOM OF THE 6TH
Redwood City Redwoods batting - Pitching for Lansing Lugnuts : RHP Ralph Willaims
Batting: RHB Rafael Rincón 0-0: Called Strike
0-1: Ground out 4-3 (Groundball, 4)
Batting: LHB Nicholas Alston 0-0: Ball
1-0: TRIPLE (Flyball, 9D)
Batting: LHB Ryan Hensley 0-0: Ball
1-0: Ball
2-0: Foul Ball, location: 2F
2-1: Ball
3-1: Called Strike
3-2: Ground out 4-3 (Groundball, 4M)
Batting: RHB William Parker 0-0: Called Strike
0-1: Ground out 6-3 (Groundball, 6)
Bottom of the 6th over - 0 run(s), 1 hit(s), 0 error(s), 1 left on base; Lansing 3 - Redwood City 2
TOP OF THE 7TH
Lansing Lugnuts batting - Pitching for Redwood City Redwoods : RHP Jim Williams
Batting: RHB David Murray 0-0: Called Strike
0-1: Ball
1-1: Foul Ball, location: 2F
1-2: Fly out, F8 (Line Drive, 8RM)
Batting: RHB Wilson Gómez 0-0: Ball
1-0: Called Strike
1-1: Swinging Strike
1-2: Ball
2-2: Foul Ball, location: 2F
2-2: Strikes out swinging
Batting: LHB Tom Mullins 0-0: Fly out, F7 (Flyball, 7LM)
Top of the 7th over - 0 run(s), 0 hit(s), 0 error(s), 0 left on base; Lansing 3 - Redwood City 2
BOTTOM OF THE 7TH
Redwood City Redwoods batting - Pitching for Lansing Lugnuts : RHP Ralph Willaims
Pitching: RHP Asher Zasko
Batting: RHB Anastasio García 0-0: Foul Ball, location: 2F
0-1: Swinging Strike
0-2: Strikes out looking
Batting: LHB Diego González 0-0: Called Strike
0-1: Ball
1-1: Foul Ball, location: 2F
1-2: Strikes out swinging
Batting: SHB Luis González 0-0: Ball
1-0: Ball
2-0: Ball
3-0: Base on Balls
Batting: LHB Iván Salas 0-0: Called Strike
0-1: Called Strike
0-2: 2-RUN HOME RUN (Flyball, 9D), Distance : 343 ft
Batting: LHB Germán Charfauros 0-0: Ball
1-0: Fly out, F8 (Flyball, 89XD)
Bottom of the 7th over - 2 run(s), 1 hit(s), 0 error(s), 0 left on base; Lansing 3 - Redwood City 4
TOP OF THE 8TH
Lansing Lugnuts batting - Pitching for Redwood City Redwoods : RHP Jim Williams
Now at SS: Carlos Gonzáles
Now in CF: Chan-u O
Batting: RHB Billy Campbell 0-0: Ground out 6-3 (Groundball, 6M)
Pitching: LHP George Owens
Batting: LHB Sam Barnes 0-0: Foul Ball, location: 2F
0-1: Ball
1-1: Foul Ball, location: 2F
1-2: Foul Ball, location: 2F
1-2: Ground out 4-3 (Groundball, 4)
Pitching: RHP Ron Williams
Batting: RHB Juan Rico 0-0: Ball
1-0: SINGLE (Groundball, 34)
Batting: RHB Sadao Kimura 0-0: Called Strike
0-1: Called Strike
0-2: Ball
1-2: Ball
2-2: Fly out, F3 (Popup, 3SF)
Top of the 8th over - 0 run(s), 1 hit(s), 0 error(s), 1 left on base; Lansing 3 - Redwood City 4
BOTTOM OF THE 8TH
Redwood City Redwoods batting - Pitching for Lansing Lugnuts : RHP Asher Zasko
Batting: RHB Rafael Rincón 0-0: Called Strike
0-1: Ball
1-1: DOUBLE (Line Drive, 7LD)
Batting: LHB Nicholas Alston 0-0: Ball
1-0: Swinging Strike
1-1: Ball
2-1: Swinging Strike
2-2: Strikes out swinging
Pinch Hitting: LHB Patrick Bright 0-0: Ball
1-0: Called Strike
1-1: Ball
2-1: Ball
3-1: Foul Ball, location: 2F
3-2: Foul Ball, location: 2F
3-2: Fly out, F9 (Flyball, 9D)
Runner from 2nd tags up, SAFE at 3rd, no throw
Batting: RHB William Parker 0-0: Called Strike
0-1: Ball
1-1: Ball
2-1: Fly out, F8 (Flyball, 8RS)
Bottom of the 8th over - 0 run(s), 1 hit(s), 0 error(s), 1 left on base; Lansing 3 - Redwood City 4
TOP OF THE 9TH
Lansing Lugnuts batting - Pitching for Redwood City Redwoods : RHP Ron Williams
Pitching: RHP Joe Watts
Now in CF: Patrick Bright
Batting: RHB Steve Garneys 0-0: Ball
1-0: Ball
2-0: Foul Ball, location: 2F
2-1: Fly out, F8 (Flyball, 8LM)
Batting: LHB Alberto Medine 0-0: Ball
1-0: Foul Ball, location: 2F
1-1: SINGLE (Flyball, 8RS)
Batting: RHB David Murray Balk!
Alberto Medine to second
0-0: Ball
1-0: Called Strike
1-1: Swinging Strike
1-2: Ground out 4-3 (Groundball, 4M)
Alberto Medine to third
Batting: RHB Wilson Gómez 0-0: Foul Ball, location: 2F
0-1: Fly out, F9 (Flyball, 89M)
Top of the 9th over - 0 run(s), 1 hit(s), 0 error(s), 1 left on base; Lansing 3 - Redwood City 4
Monday, December 5th, 2016 - OOTP Baseball 17.12 Build 75